 Dungeon Crawl Stone Soup version 0.17-a0-2220-g6fea741 (webtiles) character file.

192 Duffy the Stinger (level 5, -1/45 HPs)
             Began as a Naga Venom Mage on Oct 28, 2015.
             Slain by a jackal (3 damage)
             ... on level 3 of the Dungeon.
             The game lasted 00:04:58 (2665 turns).

Duffy the Stinger (Naga Venom Mage)                 Turns: 2665, Time: 00:04:58

Health: -1/45      AC:  2    Str: 11    XL:     5   Next: 71%
Magic:  2/9        EV: 10    Int: 15    God:
Gold:   115        SH:  0    Dex: 12    Spells: 3 memorised, 2 levels left

rFire  . . .     SeeInvis +     (no weapon)
rCold  . . .     Clarity  .     a - +0 robe
rNeg   . . .     SustAt   .     (no shield)
rPois  +         Gourm    .     (no helmet)
rElec  .         Spirit   .     (no cloak)
rCorr  .         Warding  .     (no gloves)
rMut   .         Stasis   .     (no barding)
MR     .....                    (no amulet)
Stlth  ++........               (no ring)
                                (no ring)

@: very slow, not resistant to hostile enchantments, unstealthy
A: see invisible, deformed body, poison resistance, slowness 2, slow metabolism
1, spit poison 2, AC +1
a: Spit Poison


You were on level 3 of the Dungeon.
You were hungry.

You visited 1 branch of the dungeon, and saw 3 of its levels.

You collected 115 gold pieces.


Innate Abilities, Weirdness & Mutations

You cannot wear boots.
Your serpentine skin is tough (AC +1).
You have supernaturally acute eyesight.
Armour fits poorly on your strangely shaped body.
Your system is resistant to poisons.
You cover ground very slowly.
You have a slow metabolism.
You can spit poison.


   Skills:
 + Level 1.9 Fighting
 - Level 1.5 Dodging
 - Level 3.0 Stealth
 - Level 3.0 Spellcasting
 - Level 1.2 Conjurations
 - Level 1.0 Air Magic
 + Level 7.2 Poison Magic


You had 2 spell levels left.
You knew the following spells:

 Your Spells              Type           Power        Failure   Level  Hunger
a - Sting                 Conj/Pois      ##..         4%          1    #......
c - Mephitic Cloud        Conj/Pois/Air  ##......     21%         3    ###....
d - Olgreb's Toxic Radia  Pois           ###.....     14%         4    #####..

Inventory:

Armour
 a - a +0 robe (worn)
Scrolls
 d - 3 scrolls of identify {unknown}
 e - a scroll of recharging {unknown}
 k - a scroll of fear {unknown}
 m - a scroll of fog {unknown}
 n - a scroll of amnesia {unknown}
 o - 2 scrolls of remove curse {unknown}
 q - a scroll of noise {unknown}
 t - a scroll of random uselessness {unknown}
Potions
 g - 2 potions of heal wounds {unknown}
 j - a potion of curing {unknown}
 l - a potion of flight {unknown}
 p - a potion of brilliance {unknown}
 r - a potion of poison {unknown}
 v - a potion of cancellation {unknown}
Books
 b - a Young Poisoner's Handbook
Comestibles
 c - 3 bread rations
 f - a slice of pizza
 h - 3 beef jerkies
 i - 4 meat rations
 s - 3 chunks of flesh
 u - 3 fruits

Dungeon Overview and Level Annotations

Branches:
Dungeon (3/15)

Altars:
Gozag
Qazlal
Sif Muna
Yredelemnul


Message History

The adder bites you.
A jackal comes into view.
You have got your breath back.
The jackal moves out of view.
The adder closely misses you.
You feel sick. The adder bites you. The adder closely misses you.
The jackal barks!
You feel sick.
You hear a bark!
The adder looks more healthy.
The jackal bites you.
The jackal bites you but does no damage.
The adder bites you.
A jackal comes into view.
The jackal bites you but does no damage.
The adder bites you. The jackal barely misses you. x2
The adder bites you but does no damage.
A jackal comes into view.
You feel sick.
You are no longer poisoned.
The jackal bites you. The adder bites you. The jackal bites you.
Press: ? - help, Shift-Dir - straight line, f/p - adder
Aim: an adder (almost dead)
The splash of poison hits the adder.
The adder is poisoned.
You kill the adder!
You feel slightly more hungry. The jackal closely misses you.
The jackal closely misses you. The jackal closely misses you.
You have got your breath back.
The jackal barely misses you.
A giant newt and an adder come into view.
The jackal bites you.
You die...

#............h...h.#
#...........###.####
#..........## #
#........†.#
#..........##
#...........#
##########[.## ##.h#
#.@# #..# .....
#.....>. .......#..
........#...
...........l.
......S.# ...#


You could see an adder (sleeping), a jackal and a giant newt (sleeping).

Action                   |  1- 3 |  4- 6 || total
-------------------------+-------+-------++-------
 Cast: Sting             |    26 |    65 ||    91
 Abil: Spit Poison       |    32 |    44 ||    76
  Eat: Chunk             |     2 |     6 ||     8

Notes
Turn   | Place    | Note
--------------------------------------------------------------
     0 | D:1      | Duffy the Naga Venom Mage began the quest for the Orb.
     0 | D:1      | Reached XP level 1. HP: 15/15 MP: 3/3
   142 | D:1      | Reached XP level 2. HP: 22/22 MP: 5/5
   581 | D:1      | Reached XP level 3. HP: 28/28 MP: 4/6
   606 | D:1      | Learned a level 3 spell: Mephitic Cloud
   653 | D:1      | You fall through a shaft!
   882 | D:2      | Reached skill level 1 in Conjurations
   882 | D:2      | Reached skill level 1 in Air Magic
   929 | D:2      | Found a stormy altar of Qazlal.
   948 | D:2      | Reached skill level 6 in Poison Magic
   985 | D:2      | Reached XP level 4. HP: 36/36 MP: 4/8
  1055 | D:2      | Learned a level 4 spell: Olgreb's Toxic Radiance
  1528 | D:2      | Reached skill level 3 in Spellcasting
  1797 | D:2      | Found a deep blue altar of Sif Muna.
  1799 | D:2      | Found a basalt altar of Yredelemnul.
  1802 | D:2      | Found an opulent altar of Gozag.
  2384 | D:3      | Reached XP level 5. HP: 43/43 MP: 7/9
  2403 | D:3      | Reached skill level 1 in Fighting
  2613 | D:3      | Reached skill level 7 in Poison Magic
  2665 | D:3      | Slain by a jackal

Vault maps used:
D:1:      dpeg_arrival_tiny_f
D:2:      old_standard_altar, minitemple, first_bread, st_stairs_11,
          minmay_item_behind_shaft
D:3:      roderic_malta_cross, uniq_sigmund

Vanquished Creatures
  An orc wizard
  5 adders
  3 gnolls
  An ooze
  3 worms
  2 giant geckos
  3 orcs
  8 bats
  5 giant cockroaches
  12 hobgoblins
  9 jackals
  5 kobolds
  A quokka
  5 giant newts
  A goblin
  4 rats
68 creatures vanquished.
